Map: [ESL] Altitude

Players

Scarlett

  • Race: Zerg Zerg
  • Spawn Location: 7:00

Astrea - Winner!

  • Race: Protoss Protoss
  • Spawn Location: 1:00

Event: ESL SC2 Masters 2023 Summer (Regionals)

VOD

Have the link to the VOD?

Description

Time

  • Played on: May 20, 2023, 4:37 p.m.
  • Length: 6:58

All games in this series

Show
View Real Time Build Order
Export as new Build Order

Scarlett Zerg 

Build Orders: Hatch First 

Get SALT Encoding   

  12  0:00  Drone  
  13  0:11  Overlord  
  13  0:17  Drone  
  14  0:30  Drone x2  
  16  0:48  Hatchery  
  15  0:51  Drone  
  15  0:55  Drone  
  17  0:58  Drone  
  18  1:08  Extractor  
  17  1:13  Spawning Pool  
  17  1:17  Drone  
  17  1:21  Drone  
  18  1:28  Drone  
  19  1:38  Drone  
  20  1:49  Drone  
  21  2:00  Queen x2  
  21  2:01  Overlord, Zergling x2  
  26  2:11  Drone x2  
  28  2:18  Metabolic Boost  
  28  2:22  Drone x2  
  30  2:33  Drone  
  31  2:37  Hatchery  
  30  2:44  Drone  
  30  2:45  Queen  
  30  2:48  Overlord  
  33  2:53  Drone  
  33  2:54  Drone  
  35  3:00  Drone  
  36  3:16  Drone x2  
  36  3:17  Drone x4  
  41  3:20  Spore Crawler  
  41  3:21  Spore Crawler  
  41  3:22  Drone  
  41  3:25  Queen  
  44  3:34  Overlord  
  44  3:36  Overlord, Spore Crawler  
  43  3:43  Drone  
  43  3:48  Queen  
  44  3:50  Drone x4  
  44  3:52  Queen  
  52  3:57  Drone x4  
  52  4:01  Spore Crawler  
  55  4:08  Lair  
  55  4:11  Zergling x8  
  59  4:19  Drone x5  
  64  4:24  Spore Crawler  
  64  4:30  Overlord  
  64  4:31  Drone x3  
  65  4:37  Overlord  
  65  4:43  Overlord x2  
  62  4:53  Drone x4  
  62  4:54  Drone x2  
  62  4:57  Queen x2  
  72  5:00  Zergling x8  
  72  5:05  Nydus Network  
  75  5:10  Zergling x10  
  80  5:16  Zergling x8  
  84  5:22  Overlord x2  
  84  5:24  Zergling x6  
  84  5:28  Zergling x2  
  88  5:36  Zergling x6  
  88  5:37  Overlord x2  
  88  5:42  Nydus Canal  
  91  5:45  Overlord  
  91  5:46  Queen x2, Zergling x6  
  96  5:59  Nydus Canal  
  96  6:00  Zergling x14  
  103  6:06  Zergling x8  
  103  6:08  Zergling x4  
  101  6:14  Queen  
  101  6:15  Zergling x2  
  98  6:22  Queen x2, Zergling x2  
  98  6:23  Zergling x12  
  98  6:24  Zergling x2  
  103  6:32  Zergling x4  
  99  6:39  Zergling x8  
Show
View Real Time Build Order
Export as new Build Order

Astrea Protoss - Winner!

Build Orders: 1 Gate Expand, Oracle Opening 

Get SALT Encoding   

  12  0:00  Probe  
  13  0:12  Probe  
  14  0:17  Pylon  
  14  0:24  Probe  
  15  0:30  Assimilator  
  15  0:36  Probe (Chrono Boost)  
  16  0:44  Gateway  
  16  0:48  Probe (Chrono Boost)  
  17  0:56  Probe (Chrono Boost)  
  18  1:03  Probe  
  19  1:15  Probe  
  20  1:27  Probe  
  21  1:33  Nexus  
  21  1:38  Cybernetics Core  
  21  1:45  Assimilator  
  21  1:46  Probe  
  22  1:53  Pylon  
  22  1:58  Probe  
  23  2:08  Probe  
  23  2:11  Adept (Chrono Boost)  
  26  2:17  Probe, Stargate  
  27  2:25  Probe, Warp Gate  
  28  2:34  Stalker  
  30  2:40  Probe (Chrono Boost)  
  31  2:45  Probe (Chrono Boost)  
  33  2:54  Probe x2 (Chrono Boost)  
  34  2:59  Probe (Chrono Boost)  
  34  3:02  Probe, Oracle (Chrono Boost)  
  39  3:10  Pylon  
  39  3:11  Probe  
  40  3:14  Probe  
  41  3:23  Probe  
  41  3:26  Probe  
  43  3:29  Gateway  
  43  3:33  Oracle (Chrono Boost)  
  46  3:35  Probe  
  46  3:39  Probe  
  48  3:48  Probe  
  49  3:49  Twilight Council  
  49  3:55  Probe  
  50  4:00  Probe  
  51  4:05  Nexus  
  51  4:07  Probe, Pylon  
  52  4:13  Probe  
  52  4:16  Gateway  
  53  4:18  Gateway  
  53  4:22  Resonating Glaives (Chrono Boost)  
  53  4:25  Assimilator, Adept x2  
  53  4:30  Probe  
  58  4:36  Probe, Pylon  
  59  4:40  Pylon  
  59  4:44  Probe  
  60  4:52  Probe  
  61  4:54  Pylon  
  61  4:56  Probe  
  61  4:58  Pylon, Adept x2  
  66  5:05  Probe  
  67  5:08  Probe  
  67  5:11  Adept  
  67  5:13  Adept  
  72  5:17  Probe  
  72  5:19  Adept x2  
  72  5:20  Probe  
  78  5:21  Probe  
  79  5:29  Probe  
  79  5:32  Probe  
  79  5:33  Probe, Adept  
  79  5:34  Adept  
  86  5:39  Adept x2  
  86  5:41  Probe  
  91  5:49  Shield Battery  
  91  5:51  Shield Battery  
  91  5:52  Shield Battery  
  90  5:58  Adept x2  
  90  6:00  Adept x2  
  92  6:13  Pylon x2, Shield Battery  
  90  6:19  Adept x2  
  90  6:25  Adept x2  
  96  6:26  Probe  
  96  6:28  Probe  
  96  6:30  Probe  
  97  6:37  Adept x2  
  97  6:38  Probe  
  96  6:40  Probe  
  96  6:42  Probe  
  96  6:45  Adept x2  
  96  6:50  Adept  
  96  6:51  Adept  
Tags
 
Add a new tag
Caveats
  • Supply blocks, unpowered buildings, or Contaminate may cause inaccurate times.
  • Supply counts are checked every 10 seconds.